 Dungeon Crawl Stone Soup version 0.22-a0-231-g1b571ea (webtiles) character file.

9 Amnesiac the Charlatan (level 2, -1/14 HPs)
             Began as a Spriggan Artificer on Feb 20, 2018.
             Killed from afar by an orc wizard (4 damage)
             ... with a magic dart
             ... on level 4 of the Dungeon.
             The game lasted 00:02:29 (1014 turns).

Amnesiac the Charlatan (Spriggan Artificer)         Turns: 1014, Time: 00:02:29

Health: -1/14      AC:  2    Str:  8    XL:     2   Next: 3%
Magic:  6/6        EV: 18    Int: 12    God:
Gold:   149        SH:  0    Dex: 16    Spells: 1/1 levels left

rFire    . . .     SeeInvis +   a - +0 short sword
rCold    . . .     Gourm    .   (shield restricted)
rNeg     . . .     Faith    .   b - +0 robe
rPois    .         Spirit   .   (helmet restricted)
rElec    .         Reflect  .   (no cloak)
rCorr    .         Harm     .   (gloves unavailable)
MR       .....                  (boots unavailable)
Stlth    ++........             (no amulet)
HPRegen  0.04/turn              (no ring)
MPRegen  0.10/turn              (no ring)

@: very quick
A: very small, unfitting armour, see invisible, herbivore, speed 3, slow
metabolism 2
a: no special abilities


You were on level 4 of the Dungeon.
You were not hungry.

You visited 1 branch of the dungeon, and saw 6 of its levels.

You collected 149 gold pieces.

Inventory:

Hand Weapons
 a - a +0 short sword (weapon)
Armour
 b - a +0 robe (worn)
Wands
 c - a wand of flame (15)
 d - a wand of enslavement (15)
 e - a wand of random effects (15)
Scrolls
 i - a scroll of amnesia {!r, unknown}
 j - a scroll of identify {!r, unknown}
Potions
 g - a potion of cancellation {!q, unknown}
 h - a potion of curing {!q, unknown}
Comestibles
 f - 3 rations


   Skills:
 + Level 1.0 Fighting
 - Level 1.1 Short Blades
 + Level 3.3 Dodging
 - Level 1.5 Stealth
 * Level 4.4 Evocations


You had one spell level left.
You didn't know any spells.

Dungeon Overview and Level Annotations

Branches:
Dungeon (6/15)
 Temple: D:4-7

Altars:
Trog
Vehumet
Wu Jian
The Shining One

Annotations:
D:4 exclusion: orc priest


Innate Abilities, Weirdness & Mutations

You are very small and have problems with some larger weapons.
You are too small for most types of armour.
You have supernaturally acute eyesight. (SInv)
You are a herbivore.
You cover ground extremely quickly.
You need consume almost no food.


Message History

There is a stone staircase leading down here.
You climb downwards.
Found 14 gold pieces and a fizzy dark potion.
There is a stone staircase leading up here.
You can't go down here!
You start resting.
HP restored.
Found a stone staircase leading down.
Found 13 gold pieces.
You now have 112 gold pieces (gained 14).
A worker ant comes into view.
The worker ant twitches its antennae in your direction.
You see here 13 gold pieces.
You now have 125 gold pieces (gained 13).
You see here a fizzy dark potion {!q}.
h - a fizzy dark potion {!q} The worker ant closely misses you.
Found a mace.
There is a stone staircase leading down here.
You climb downwards.
A quokka comes into view.
There is a stone staircase leading up here.
A leopard gecko comes into view.
Found a scale mail.
An adder comes into view.
Found a stone staircase leading up.
A centaur comes into view.
Found a stone staircase leading down.
There is a stone staircase leading up here.
You climb upwards.
Found 12 gold pieces.
There is a stone staircase leading down here.
You now have 137 gold pieces (gained 12).
f - 3 rations (gained 1)
You pick up a book of Maledictions and begin reading...
You add the spell Corona to your library.
You add the spell Ensorcelled Hibernation to your library.
You add the spell Confuse to your library.
You add the spell Tukima's Dance to your library.
You add the spell Dazzling Spray to your library.
i - a scroll labeled ACEBAD YSEO {!r}
Found a stone staircase leading up.
j - a scroll labeled RUKOJA ZAM {!r} You now have 149 gold pieces (gained 12).
There is a stone staircase leading up here.
You climb upwards.
Level annotation: exclusion: orc priest The orc shouts!
An orc and an orc wizard come into view.
The orc wizard shouts!
The orc shouts!
You hear a shout!
The orc hits you with a short sword.
The orc wizard gestures wildly while chanting.
The orc wizard flickers and vanishes for a moment.
The orc wizard gestures at you while chanting.
The magic dart hits you!
Ouch! That really hurt!
* * * LOW HITPOINT WARNING * * *
There is a stone staircase leading down here.
The orc barely misses you. The orc completely misses you.
An orc wizard comes into view. It is wielding a dagger.
The orc wizard shouts!
The orc wizard gestures at you while chanting.
The magic dart hits you!
You die...

... #. #.# #.# #o #.# #.#
#.##.#
#.#########.##.#######
####.........#...........
...............ooo#
#.#..............##
....###..##.####.# ....#
#...#.#..#@# ....#
#........#.#
#...#.....#.##.#.#
#...#.....#.##.#.#
#...#.....#.##.#.#
#...###...#.##.#.# #...#
#...#.##.#.#
#...###...#.##.#.######.#
#...#.#.....#............


You could see 2 orc wizards and 2 orcs.

Vanquished Creatures
  An adder skeleton (D:4)
  A bat (D:3)
  A goblin (D:2)
  2 jackals (D:4)
5 creatures vanquished.

Notes
Turn   | Place    | Note
-------+----------+-------------------------------------------
     0 | D:1      | Amnesiac the Spriggan Artificer began the quest for the Orb.
     0 | D:1      | Reached XP level 1. HP: 9/9 MP: 4/4
   185 | D:3      | Found a glowing golden altar of the Shining One.
   191 | D:3      | Found an ornate altar of the Wu Jian Council.
   335 | D:4      | Reached skill level 1 in Fighting
   573 | D:4      | Noticed a phantom
   611 | D:4      | Noticed an orc priest
   726 | D:4      | Reached XP level 2. HP: 5/14 MP: 6/6
   739 | D:4      | Found a radiant altar of Vehumet.
   745 | D:4      | Found a bloodstained altar of Trog.
   816 | D:5      | Entered Level 5 of the Dungeon
   931 | D:6      | Noticed a centaur
  1014 | D:4      | Killed from afar by an orc wizard

Vault maps used:
D:1:      zaba_arrival_water
D:3:      old_standard_altar, nicolae_overflow_crystal_walls,
          lemuel_crystal_altar, chequers_ecumenical_altar_simple_redux,
          minivault_14
D:4:      grunt_temple_overflow_open, first_ration
D:5:      uniq_crazy_yiuf_cottage

Skill      XL: |  1 |
---------------+----+-----
Fighting       | 1 |  1.0
Short Blades   | |  1.1
Dodging        | |  3.3
Stealth        | |  1.5
Evocations     | |  4.4

Action                   || total
-------------------------++-------
Melee: Short sword       ||    26
Armor: Robe              ||     1
Dodge: Dodged            ||    40

Table legend:
 A = Spawn XP
 B = Non-spawn XP
 C = Spawn XP percentage of total XP
 D = Spawn monster count
 E = Non-spawn monster count
 F = Spawn count percentage of total count
 G = Total turns spent on level
                    A         B        C        D         E        F      G
               +---------+---------+-------+---------+---------+-------+---------
         Total |       0 |      13 |   0.0 |       0 |       5 |   0.0 |  1014
               +---------+---------+-------+---------+---------+-------+---------
           D:2 |       0 |       2 |   0.0 |       0 |       1 |   0.0 |    61
           D:3 |       0 |       2 |   0.0 |       0 |       1 |   0.0 |   201
           D:4 |       0 |       9 |   0.0 |       0 |       3 |   0.0 |   518
               +---------+---------+-------+---------+---------+-------+---------
